 Dungeon Crawl Stone Soup version 0.30.1-4-g462c640d31 (webtiles) character file.

Game seed: 15996967817665466708

10258 Zeor the Carver (level 11, 0/78 HPs)
             Began as a Demonspawn Gladiator on Sept 7, 2023.
             Was a Priest of Vehumet.
             Slain by a blink frog (18 damage)
             ... on level 2 of the Lair of Beasts.
             The game lasted 00:42:58 (9469 turns).

Zeor the Carver (Demonspawn Gladiator)              Turns: 9469, Time: 00:43:00

Health: 0/78       AC:  4    Str: 14    XL:     11   Next: 33%
Magic:  0/22       EV: 19    Int: 14    God:    Vehumet [***...]
Gold:   478        SH:  6    Dex: 15    Spells: 8/25 levels left

rFire   . . .        a - +5 scimitar (freeze)
rCold   . . .        p - orb {mayhem}
rNeg    . . .        C - +0 robe {Archmagi}
rPois   +            (helmet restricted)
rElec   .            h - +1 cloak
rCorr   .            (no gloves)
SInv    .            (no boots)
Will    +....        (no amulet)
Stlth   +++          v - ring of poison resistance
HPRegen 0.33/turn    l - +5 ring of evasion
MPRegen 0.36/turn

%: mayhem, guardian spirit, archmagi
@: no status effects
A: horns 1, large bone plates 2, magic shield, magic regeneration, demonic magic
1, demonic willpower
a: Renounce Religion


You were on level 2 of the Lair of Beasts.
You worshipped Vehumet.
Vehumet was most pleased with you.
You visited 3 branches of the dungeon, and saw 11 of its levels.
You also visited: Sewer and Gauntlet.

You collected 478 gold pieces.

Inventory:

Hand Weapons
 a - a +5 scimitar of freezing (weapon)
 A - a +3 great sword
 F - a +2 spectral long sword
 H - a +4 scimitar
Missiles
 d - 5 throwing nets
 e - a javelin
 m - 30 poisoned darts
 D - 6 curare-tipped darts
Armour
 h - a +1 cloak (worn)
 p - an orb of mayhem (worn)
 x - an orb of light
 C - a +0 robe of the Archmagi (worn)
 G - an orb of guile
Magical Staves
 i - a staff of conjuration
Jewellery
 b - a +4 ring of slaying
 l - a +5 ring of evasion (right hand)
 v - a ring of poison resistance (left hand)
Wands
 f - a wand of paralysis (8)
 r - a wand of digging (3)
Scrolls
 o - a scroll of fog
 t - 2 scrolls of teleportation
 u - a scroll of blinking
 w - 4 scrolls of identify
 y - 2 scrolls of vulnerability
 B - a scroll of magic mapping
Potions
 c - 3 potions of mutation
 j - a potion of flight
 k - 2 potions of attraction
 n - a potion of ambrosia
 q - a potion of invisibility
 z - a potion of cancellation
 E - a potion of haste


   Skills:
 + Level 4.5 Fighting
 * Level 9.5 Long Blades
 + Level 1.9 Throwing
 + Level 3.6 Armour
 * Level 4.9 Dodging
 + Level 3.8 Stealth
 + Level 2.0 Shields
 + Level 7.7 Spellcasting
 * Level 1.2 Conjurations
 + Level 0.1 Necromancy
 + Level 2.5 Transmutations
 + Level 1.4 Fire Magic
 + Level 1.6 Air Magic
 * Level 7.2 Poison Magic


You had 8 spell levels left.
You knew the following spells:

 Your Spells              Type           Power      Damage    Failure   Level
d - Static Discharge      Conj/Air       28%        2-4/arc   3%          2
f - Foxfire               Conj/Fire      52%        2x1d6     2%          1
h - Hailstorm             Conj/Ice       10%        3d5       9%          3
i - Ignite Poison         Fire/Tmut/Pois 23%        N/A       2%          3
k - Kiss of Death         Conj/Necr      44%        2d8       2%          1
r - Olgreb's Toxic Radia  Pois           38%        N/A       1%          4
s - Sting                 Tmut/Pois      100%       1d8       1%          1
v - Poisonous Vapours     Pois/Air       52%        N/A       1%          2

Your spell library contained the following spells:

 Spells                   Type           Power      Damage    Failure   Level
 Sticky Flame             Conj/Fire      13%        2d4       19%         4
 Lesser Beckoning         Tloc           16%        N/A       21%         2
 Confusing Touch          Hex            8%         N/A       36%         3
 Gell's Gravitas          Tloc           8%         N/A       36%         3
 Teleport Other           Tloc           8%         N/A       36%         3
 Dispel Undead            Necr           8%         3d8       77%         4
 Summon Ice Beast         Ice/Summ       8%         N/A       78%         4
 Summon Mana Viper        Hex/Summ       8%         N/A       98%         5
 Dispersal                Tloc           4%         N/A       100%        6
 Monstrous Menagerie      Summ           4%         N/A       100%        7
 Ignition                 Fire           6%         3d4       100%        8


Dungeon Overview and Level Annotations

Branches:
Dungeon (8/15)             Temple (1/1) D:6            Lair (2/5) D:8
  Snake (0/4) Lair:2        Sewer (visited)         Gauntlet (visited)
  Swamp: Lair:2-3    Shoals: Lair:2-3

Altars:
Ashenzari
Cheibriados
Dithmenos
Fedhas
Gozag
Hepliaklqana
Kikubaaqudgha
Makhleb
Nemelex Xobeh
Okawaru
Qazlal
Ru
Sif Muna
Trog
Uskayaw
Vehumet
Wu Jian
Xom

Shops:
D:1 [

Annotations:
D:3 2 runed translucent doors, CareLess's ghost, amateur TeHu


Innate Abilities, Weirdness & Mutations

You have a pair of small horns on your head.
You are mostly covered in large bone plates. (SH +6)
When hurt, damage is shared between your health and your magic reserves.
You regenerate magic rapidly.
Spells you cast may paralyse adjacent enemies.
You punish those that try to bend your will. (Will+)


Message History

Unknown command.
Casting: Ignite Poison (mildly dangerous; 2% risk of failure)
Confirm with . or Enter, or press ? or * to list all spells.
You feel a surge of power!
You begin to radiate toxic energy.
The blink frog is poisoned. x2; Malevolent energies surge around you.
The blink frog looks even sicker. x2; The blink frog blinks!
You hit the black mamba but do no damage.
You headbutt the black mamba.
The black mamba is lightly wounded.
You block the black mamba's attack. The black mamba bites you!
You barely miss the black mamba. You headbutt the black mamba.
The black mamba is lightly wounded.
The blink frog looks even sicker.
The black mamba misses you. The black mamba bites you!
You slash the black mamba!
The black mamba seems to slow down.
You freeze the black mamba.
The black mamba is heavily wounded.
Your toxic aura wanes.
The blink frog misses you.
A black mamba comes into view.
The blink frog hits you!
* * * LOW HITPOINT WARNING * * *
The blink frog blinks!
The black mamba bites you!
* * * LOW HITPOINT WARNING * * *
You feel better. The blink frog completely misses you.
You block the black mamba's attack. The blink frog hits you.
* * * LOW HITPOINT WARNING * * *
Casting: Olgreb's Toxic Radiance (dangerous; 1% risk of failure)
Confirm with . or Enter, or press ? or * to list all spells.
You feel a surge of power!
The black mamba is struck by an arc of lightning.
The black mamba is heavily wounded.
The blink frog is struck by an arc of lightning.
The blink frog is heavily wounded.
You are struck by an arc of lightning.
* * * LOW HITPOINT WARNING * * *
The lightning grounds out.
Malevolent energies surge around you.
The black mamba hisses angrily.
The blink frog hits you!!
You die...

▒▒∙∙∙∙∙∙∙∙∙∙∙∙∙∙∙∙∙∙∙∙▒▒▒∙∙▒▒
▒∙∙∙∙∙∙∙∙∙∙∙∙∙∙∙∙∙∙∙▒▒▒▒∙†∙▒░░░░
▒∙∙∙∙∙∙∙∙∙∙∙∙∙∙∙∙∙∙∙▒▒▒▒▒∙▒▒▒∙∙▒
▒∙∙∙∙∙∙∙∙∙∙∙∙∙∙∙∙∙∙∙P▒▒▒∙∙∙∙∙∙∙∙
▒∙∙∙∙∙∙∙∙∙∙∙∙∙∙∙∙∙∙∙∙∙∙∙∙∙∙∙∙∙∙∙
▒∙∙∙∙∙∙∙∙∙∙∙∙∙∙∙∙∙∙∙∙∙∙∙∙∙∙∙)∙∙∙
▒▒∙†∙∙∙∙∙∙∙∙∙∙∙∙∙∙∙∙∙∙∙∙∙∙∙∙∙∙∙∙∙
∙∙∙†∙∙∙∙∙∙∙∙S∙∙∙#∙∙∙∙∙∙∙∙∙∙∙∙∙∙∙∙
∙†∙∙∙∙∙∙∙∙∙∙∙∙∙∙6F∙∙∙∙∙∙∙∙∙▒∙∙∙▒▒
∙∙∙∙∙∙∙∙∙∙∙∙∙∙∙∙S∙∙∙∙∙∙∙^∙#∙∙∙∙▒
∙∙∙∙∙∙∙∙∙∙∙∙∙∙∙∙∙∙∙∙∙∙∙∙∙∙∙▒∙∙∙▒░
∙∙>∙∙∙∙∙∙∙∙∙∙∙∙F∙∙∞†∙∙∙∙∙∙∙∙∙∙∙▒░
∙∙∙∙∙∙∙∙∙∙∙∙∙∙∙∙∙∙∙∙∙∙∙∙∙∙#▒∙∙∙░░
∙∙∙∙∙∙∙∙∙∙∙$∙∙∙∙∙∙∙∙>∙∙∙∙∙∙∙∙∙···
∙∙∙∙∙∙∙∙∙∙∙∙∙∙∙∙∙∙∙∙∙∙∙∙∙S∙∙∙····
∙∙∙∙∙∙∙∙∙∙∙∙∙∙∙∙∙∙∙∙∙^∙∙∙#∙∙·····
∙∙∙∙∙∙∙∙∙∙···∙∙∙∙∙#∙∙∙<∙∙∙∙∙·····


You could see 2 black mambas and 2 blink frogs.

Vanquished Creatures
  A two-headed ogre (D:8)
  Pikel (D:6)
  A black mamba (Lair:2)
  4 elephants (Lair:1)
  A cane toad (Lair:2)
  3 komodo dragons
  A polar bear (Lair:1)
  A blink frog (Lair:2)
  A wyvern (D:8)
  A basilisk (Lair:2)
  A steam dragon (D:7)
  9 water moccasins
  3 ice beasts
  2 orc warriors (D:7)
  A sky beast (D:7)
  3 ogres
  2 phantoms
  3 kobold brigands
  2 gnoll sergeants (D:8)
  11 bullfrogs
  2 scorpions
  6 wights
  A jelly (D:6)
  An orc priest (D:3)
  3 iguanas
  9 orc wizards
  A statue (D:6)
  13 gnolls
  5 adders
  A river rat (D:5)
  3 shadow imps (D:6)
  6 worms
  4 dart slugs
  31 orcs
  8 endoplasms
  11 giant cockroaches
  7 goblins
  6 hobgoblins
  6 jackals
  8 quokkas
  8 ball pythons
  2 bats (D:1)
  12 frilled lizards
  18 kobolds
  6 rats
  A spectral goblin (D:3)
231 creatures vanquished.

Vanquished Creatures (collateral kills)
  An elephant (Lair:1)
  A cane toad (Lair:1)
  A troll (D:8)
  Menkaure (D:4)
  A bullfrog (D:8)
  A scorpion (D:8)
  A wight (D:7)
  An orc wizard (D:6)
  4 gnolls
  2 orcs
  A frilled lizard (Sewer)
15 creatures vanquished.

Vanquished Creatures (others)
  An elephant (Lair:1)
  An acid dragon (D:8)
  A water moccasin (D:8)
  2 orcs (D:6)
  A kobold (D:7)
  19 foxfires
25 creatures vanquished.

Grand Total: 271 creatures vanquished

Notes
Turn   | Place    | Note
-------+----------+-------------------------------------------
     0 | D:1      | Zeor the Demonspawn Gladiator began the quest for the Orb.
     0 | D:1      | Reached XP level 1. HP: 16/16 MP: 1/1
    22 | D:1      | Found Xaoraj's Antique Armour Shop.
    95 | D:1      | Reached skill level 3 in Long Blades
    99 | D:1      | Gained mutation: You are partially covered in large bone
                  | plates. (SH +4) [demonic ancestry]
    99 | D:1      | Reached XP level 2. HP: 22/22 MP: 2/2
   103 | D:1      | Learned a level 1 spell: Sting
   616 | D:2      | Gained mutation: You regenerate magic rapidly. [demonic
                  | ancestry]
   616 | D:2      | Reached XP level 3. HP: 27/27 MP: 1/3
   977 | D:2      | Reached skill level 1 in Spellcasting
  1015 | D:2      | Learned a level 1 spell: Kiss of Death
  1018 | D:2      | Learned a level 2 spell: Poisonous Vapours
  1117 | D:2      | Gained mutation: When hurt, damage is shared between your
                  | health and your magic reserves. [demonic ancestry]
  1117 | D:2      | Reached XP level 4. HP: 20/33 MP: 3/5
  1525 | D:3      | Found a large runed translucent door.
  1526 | D:3      | Found a large runed translucent door.
  1529 | D:3      | Noticed CareLess's ghost (amateur TeHu)
  1769 | D:3      | Reached skill level 1 in Poison Magic
  1769 | D:3      | Gained mutation: You are mostly covered in large bone
                  | plates. (SH +6) [demonic ancestry]
  1769 | D:3      | Reached XP level 5. HP: 29/38 MP: 7/7
  1859 | D:3      | Found a faded altar of an unknown god.
  2233 | D:4      | Reached skill level 4 in Long Blades
  2239 | D:4      | Reached skill level 1 in Armour
  2331 | D:4      | Reached skill level 1 in Transmutations
  2359 | D:4      | Gained mutation: You have a pair of small horns on your
                  | head. [demonic ancestry]
  2359 | D:4      | Reached XP level 6. HP: 46/46 MP: 8/8
  2439 | D:4      | Noticed Menkaure
  2443 | D:4      | Killed Menkaure
  2444 | D:4      | Reached skill level 5 in Long Blades
  2755 | D:4      | Gained mutation: Spells you cast may paralyse adjacent
                  | enemies. [demonic ancestry]
  2755 | D:4      | Reached XP level 7. HP: 16/50 MP: 2/10
  3090 | D:5      | Entered Level 5 of the Dungeon
  3103 | D:5      | Found a burning altar of Makhleb.
  3187 | D:5      | Found a glowing drain.
  3191 | Sewer    | Entered a sewer
  3750 | D:5      | Learned a level 3 spell: Ignite Poison
  3942 | D:5      | Reached skill level 1 in Stealth
  4030 | D:5      | Found a snail-covered altar of Cheibriados.
  4121 | D:5      | Reached skill level 6 in Long Blades
  4121 | D:5      | Gained mutation: You punish those that try to bend your
                  | will. (Will+) [demonic ancestry]
  4121 | D:5      | Reached XP level 8. HP: 24/58 MP: 5/13
  4412 | D:6      | Found a hide-covered altar of Uskayaw.
  4412 | D:6      | Noticed Pikel
  4418 | D:6      | Killed Pikel
  4522 | D:6      | Reached skill level 7 in Long Blades
  4536 | D:6      | Found a staircase to the Ecumenical Temple.
  4556 | Temple   | Entered the Ecumenical Temple
  4654 | D:6      | Reached skill level 1 in Air Magic
  4834 | D:6      | Found a radiant altar of Vehumet.
  4848 | D:6      | Learned a level 4 spell: Olgreb's Toxic Radiance
  4921 | D:6      | Became a worshipper of Vehumet
  5136 | D:6      | Found a sparkling altar of Nemelex Xobeh.
  5489 | D:7      | Reached skill level 1 in Shields
  5489 | D:7      | Reached XP level 9. HP: 56/62 MP: 13/15
  5752 | D:7      | Reached * piety under Vehumet
  5752 | D:7      | Offered knowledge of Foxfire by Vehumet.
  5986 | D:7      | Learned a level 1 spell: Foxfire
  6123 | D:7      | Reached skill level 5 in Spellcasting
  6779 | D:8      | Offered knowledge of Static Discharge by Vehumet.
  6781 | D:8      | Reached ** piety under Vehumet
  6790 | D:8      | Reached skill level 5 in Poison Magic
  6794 | D:8      | Reached skill level 8 in Long Blades
  6813 | D:8      | Noticed a two-headed ogre
  6820 | D:8      | Reached XP level 10. HP: 40/67 MP: 3/18
  6908 | D:8      | Learned a level 2 spell: Static Discharge
  6929 | D:8      | Found a staircase to the Lair.
  6951 | D:8      | Killed a two-headed ogre
  6952 | D:8      | Reached skill level 1 in Fire Magic
  7604 | Lair:1   | Entered Level 1 of the Lair of Beasts
  7702 | Lair:1   | Noticed an elephant
  7706 | Lair:1   | Noticed an elephant
  7707 | Lair:1   | Noticed an elephant
  7707 | Lair:1   | Noticed an elephant
  7707 | Lair:1   | Noticed an elephant
  7709 | Lair:1   | Noticed a cane toad
  7713 | Lair:1   | Killed an elephant
  7714 | Lair:1   | Killed an elephant
  7714 | Lair:1   | Killed an elephant
  7714 | Lair:1   | Offered knowledge of Hailstorm by Vehumet.
  7715 | Lair:1   | Noticed an elephant
  7715 | Lair:1   | Killed an elephant
  7718 | Lair:1   | Killed an elephant
  7719 | Lair:1   | Reached skill level 9 in Long Blades
  7722 | Lair:1   | Killed a cane toad
  7725 | Lair:1   | Reached XP level 11. HP: 78/78 MP: 9/21
  7849 | Lair:1   | Learned a level 3 spell: Hailstorm
  8702 | Lair:2   | Reached *** piety under Vehumet
  8761 | Lair:2   | Found a gate leading to a gauntlet.
  8770 | Gauntlet | Entered a Gauntlet
  8770 | Gauntlet | Found a transporter.
  8770 | Gauntlet | Found a transporter.
  8921 | Gauntlet | Found a transporter.
  8936 | Gauntlet | Found a transporter.
  8938 | Gauntlet | Found a large runed translucent door.
  8938 | Gauntlet | Found a large runed translucent door.
  8939 | Gauntlet | Found a large runed translucent door.
  8939 | Gauntlet | Found a large runed translucent door.
  8940 | Gauntlet | Found a large runed translucent door.
  8940 | Gauntlet | Found a runed translucent door.
  8940 | Gauntlet | Found a large runed translucent door.
  8940 | Gauntlet | Found a runed translucent door.
  8940 | Gauntlet | Found a large runed translucent door.
  8940 | Gauntlet | Found a large runed translucent door.
  8943 | Gauntlet | Found a large runed translucent door.
  8943 | Gauntlet | Found a large runed translucent door.
  8944 | Gauntlet | Found a large runed translucent door.
  8944 | Gauntlet | Found a large runed translucent door.
  8945 | Gauntlet | Found a large runed translucent door.
  8945 | Gauntlet | Found a large runed translucent door.
  8945 | Gauntlet | Found a large runed translucent door.
  8945 | Gauntlet | Found a large runed translucent door.
  8948 | Gauntlet | Found a runed translucent gate.
  8948 | Gauntlet | Found a runed translucent gate.
  8948 | Gauntlet | Found a runed translucent gate.
  8950 | Gauntlet | Found a transporter.
  8953 | Gauntlet | Noticed a soul eater
  8963 | Gauntlet | Found a transporter.
  8978 | Gauntlet | Noticed an orange crystal statue
  9045 | Gauntlet | Found a transporter.
  9060 | Gauntlet | Found a transporter.
  9076 | Gauntlet | Found a transporter.
  9089 | Gauntlet | Found a transporter.
  9103 | Gauntlet | Noticed a necromancer
  9104 | Gauntlet | Noticed a death yak
  9105 | Gauntlet | Noticed a death yak
  9107 | Gauntlet | Noticed a death yak
  9108 | Gauntlet | Found a transporter.
  9109 | Gauntlet | Noticed a death yak
  9110 | Gauntlet | Noticed a death yak
  9123 | Gauntlet | Noticed a catoblepas
  9179 | Gauntlet | Found a transporter.
  9179 | Gauntlet | Found a transporter.
  9190 | Gauntlet | Found a transporter.
  9193 | Gauntlet | Found a transporter.
  9199 | Gauntlet | Found a transporter.
  9339 | Lair:2   | Reached skill level 1 in Conjurations
  9469 | Lair:2   | Slain by a blink frog

Illustrated notes

Levels and vault maps discovered:
D:1:      dpeg_arrival_tiny_d, layout_rooms, serial_forest,
          infiniplex_forest_straight_2, infiniplex_forest_lined_2,
          infiniplex_forest_pool, infiniplex_forest_lined_room_3,
          infiniplex_forest_corner_2, infiniplex_forest_straight_1,
          serial_shops, shop
D:2:      layout_rooms
D:3:      layout_rooms, ebering_ghost_disaster_area,
          dreamdust_ecumenical_altar_drowned_temple
D:4:      layout_gridville, grunt_decor_fettered, kennysheep_generic_room_2,
          uniq_menkaure
D:5:      layout_cave_pools, cheibrodos_worm_habitat, general_overflow_altar,
          nicolae_overflow_hidden_temple, gup_sewer_entry_bowl
D:6:      layout_loops_cross, old_standard_altar, lemuel_crystal_altar,
          vehumet_statue, minmay_temple_entry_junction, uniq_pikel
D:7:      layout_loops_corners
D:8:      layout_basic, due_lair_maze_entry_diamond
Temple:   eino_wide_crystal_templ
Lair:1:   layout_gridlike, grunt_megastairs_3
Lair:2:   layout_gridlike, minmay_snake_entry_six_corridors,
          gauntlet_entry_generic, serial_bayou_crossing, lemuel_fruit_tree,
          serial_bayou_shore_b

Skill      XL: |  1  2  3  4  5  6  7  8  9 10 11 |
---------------+----------------------------------+-----
Long Blades    | 3 4 5 6 7 8 9 |  9.5
Spellcasting   | 1 2 3 4 5 7 |  7.7
Dodging        | 3 4 |  4.9
Poison Magic   | 1 2 3 5 7 |  7.2
Armour         | 1 2 3 |  3.6
Transmutations | 1 2 |  2.5
Fighting       | 3 4 |  4.5
Stealth        | 1 2 3 |  3.8
Air Magic      | 1 |  1.6
Shields        | 1 2 |  2.0
Fire Magic     | 1 |  1.4
Conjurations   | 1 |  1.2
Throwing       | |  1.9
Necromancy     | |  0.1

Action                     |  1- 3 |  4- 6 |  7- 9 | 10-12 || total
---------------------------+-------+-------+-------+-------++-------
  Melee: Long sword        |    76 |    81 |   203 |    26 ||   386
         Punch             |     2 |       |       |       ||     2
         Headbutt          |       |     3 |    36 |    11 ||    50
         Scimitar          |       |       |       |    57 ||    57
  Throw: Throwing net      |     3 |       |       |       ||     3
   Cast: Sting             |    21 |    17 |    26 |     5 ||    69
         Poisonous Vapours |       |     2 |    17 |     2 ||    21
         Kiss of Death     |       |     2 |     3 |     1 ||     6
         Ignite Poison     |       |       |     7 |     3 ||    10
         Olgreb's Toxic Ra |       |       |     6 |     9 ||    15
         Foxfire           |       |       |     3 |     8 ||    11
         Hailstorm         |       |       |       |     5 ||     5
         Static Discharge  |       |       |       |     3 ||     3
    Use: Scroll            |     8 |     3 |     9 |     4 ||    24
         Potion            |     1 |       |     9 |     3 ||    13
   Stab: Distracted        |       |       |     4 |     1 ||     5
         Paralysed         |       |       |     7 |     5 ||    12
         Sleeping          |       |       |     1 |       ||     1
 Armour: Leather armour    |    30 |     6 |    23 |       ||    59
         Robe              |       |       |     6 |     2 ||     8
         Skin              |       |       |       |    12 ||    12
  Dodge: Dodged            |    82 |    34 |    89 |    38 ||   243
  Block: Other             |    18 |     8 |       |       ||    26
         Orb               |       |     3 |    48 |    14 ||    65
